 Dungeon Crawl Stone Soup version 0.19.0-1-g5985abe (webtiles) character file.

176 nikopol the Chopper (level 5, -5/70 HPs)
             Began as a Hill Orc Berserker on Nov 2, 2016.
             Was a Believer of Trog.
             Slain by no0bjke's ghost (10 damage)
             ... on level 3 of the Dungeon.
             The game lasted 00:03:33 (2479 turns).

nikopol the Chopper (Hill Orc Berserker)            Turns: 2479, Time: 00:03:34

Health: -5/70      AC:  5    Str: 26    XL:     5   Next: 56%
Magic:  5/5        EV: 11    Int:  7    God:    Trog [**....]
Gold:   143        SH:  0    Dex: 10    Spells: 0 memorised, 4 levels left

rFire  . . .     SeeInvis .     a - +0 hand axe
rCold  . . .     Gourm    .     k - +0 ring mail
rNeg   . . .     Faith    .     (no shield)
rPois  .         Spirit   .     (no helmet)
rElec  .         Reflect  .     (no cloak)
rCorr  .         Harm     .     (no gloves)
MR     .....                    (no boots)
Stlth  ..........               (no amulet)
                                (no ring)
                                (no ring)

@: berserking (expiring), very quick
A: no striking features
a: Berserk, Trog's Hand, Burn Spellbooks, Renounce Religion


You were on level 3 of the Dungeon.
You worshipped Trog.
Trog was pleased with you.
You were very hungry.

You visited 1 branch of the dungeon, and saw 3 of its levels.

You collected 143 gold pieces.

Inventory:

Hand Weapons
 a - a +0 hand axe (weapon)
Missiles
 d - 78 arrows (quivered)
Armour
 b - a +0 animal skin
 k - a +0 ring mail (worn)
Jewellery
 p - an uncursed ring of ice {unknown}
Wands
 r - a wand of acid (4/15)
Scrolls
 e - a scroll of identify {unknown}
 f - a scroll of fog {unknown}
 g - a scroll of blinking {unknown}
 h - a scroll of amnesia {unknown}
 m - a scroll of remove curse {unknown}
 n - a scroll of fear {unknown}
 o - a scroll of enchant weapon {unknown}
Potions
 j - 2 potions of ambrosia {unknown}
 l - a potion of cancellation {unknown}
 s - a potion of resistance {unknown}
 v - a potion of haste {unknown}
Comestibles
 c - 2 bread rations
 i - a meat ration
 q - a beef jerky
 t - 3 chunks of flesh
 u - 3 fruits


   Skills:
 + Level 4.8 Fighting
 + Level 5.5 Axes
 + Level 3.3 Armour
 + Level 2.5 Dodging


You had 4 spell levels left.
You didn't know any spells.

Dungeon Overview and Level Annotations

Branches:
Dungeon (3/15)

Altars:
Nemelex Xobeh
The Shining One

Annotations:
D:3 no0bjke's ghost, amateur GrFi


Message History

You hit no0bjke's ghost but do no damage.
No0bjke's ghost is severely damaged.
No0bjke's ghost hits you!
You hit no0bjke's ghost but do no damage.
No0bjke's ghost is severely damaged.
No0bjke's ghost misses you.
You barely miss no0bjke's ghost.
No0bjke's ghost is severely damaged.
You hit no0bjke's ghost.
No0bjke's ghost is almost destroyed.
No0bjke's ghost hits you!
* * * LOW HITPOINT WARNING * * *
You barely miss no0bjke's ghost.
No0bjke's ghost is almost destroyed.
No0bjke's ghost hits you!
* * * LOW HITPOINT WARNING * * *
You hit no0bjke's ghost but do no damage.
No0bjke's ghost is almost destroyed.
No0bjke's ghost hits you!
You die...

#...#.## .......####
..........#
...[...##.##########
#.......#..........#
#......###########.#
......## #.# #.##..#
#######.### #. #..
#...W@....# #..
#.#####S#.# #.#.#
#.# # ..# ###


You could see no0bjke's ghost and an adder.

Vanquished Creatures
  An ogre (D:3)
  2 adders
  2 worms (D:2)
  A dart slug (D:2)
  A leopard gecko (D:1)
  A ball python (D:2)
  5 giant cockroaches
  10 goblins
  7 hobgoblins
  2 jackals (D:2)
  9 kobolds
  A quokka (D:3)
  5 bats
  5 frilled lizards
  8 rats
60 creatures vanquished.

Notes
Turn   | Place    | Note
-------+----------+-------------------------------------------
     0 | D:1      | nikopol the Hill Orc Berserker began the quest for the Orb.
     0 | D:1      | Reached XP level 1. HP: 19/19 MP: 1/1
   244 | D:1      | Reached XP level 2. HP: 27/27 MP: 2/2
  1003 | D:1      | Reached XP level 3. HP: 33/33 MP: 3/3
  1307 | D:2      | Reached ** piety under Trog
  1483 | D:2      | Found a glowing golden altar of the Shining One.
  1796 | D:2      | Reached XP level 4. HP: 41/41 MP: 4/4
  1867 | D:2      | Reached skill level 5 in Axes
  2134 | D:3      | Noticed an ogre
  2147 | D:3      | Killed an ogre
  2147 | D:3      | Reached XP level 5. HP: 36/47 MP: 5/5
  2360 | D:3      | Found a sparkling altar of Nemelex Xobeh.
  2458 | D:3      | Noticed no0bjke's ghost (amateur GrFi)
  2479 | D:3      | Slain by no0bjke's ghost

Skill      XL: |  1  2  3  4 |
---------------+-------------+-----
Fighting       | 4 |  4.8
Dodging        | 2 |  2.5
Axes           | 5 |  5.5
Armour         | 3 |  3.3

Action                   |  1- 3 |  4- 6 || total
-------------------------+-------+-------++-------
Melee: Hand axe          |   140 |    78 ||   218
Invok: Berserk           |       |     2 ||     2
       Burn Spellbooks   |       |     1 ||     1
  Eat: Chunk             |     3 |     3 ||     6
Armor: Animal skin       |    19 |       ||    19
       Ring mail         |    34 |    17 ||    51
Dodge: Dodged            |    96 |    39 ||   135
